Map: Lerilak Crest

Players

SticklerMac - Winner!

  • Race: Zerg Zerg
  • League: Platinum

Apparition

  • Race: Protoss Protoss
  • League: Gold

VOD

Have the link to the VOD?

Description

Time

  • Played on: Nov. 15, 2015, 8:25 p.m.
  • Length: 25:09
Show
View Real Time Build Order
Export as new Build Order

SticklerMac Zerg - Winner!

Build Orders: 3 Hatch before Pool 

Get SALT Encoding   

  12  0:01  Drone  
  13  0:12  Overlord  
  13  0:17  Drone  
  14  0:30  Drone x2  
  16  0:36  Drone  
  17  0:51  Drone  
  18  0:57  Hatchery  
  17  1:18  Hatchery  
  17  1:22  Drone  
  17  1:25  Drone  
  17  1:26  Extractor  
  17  1:40  Spawning Pool  
  17  1:43  Drone  
  17  1:53  Drone x2  
  19  1:58  Overlord  
  19  2:06  Drone  
  20  2:10  Drone  
  21  2:16  Drone  
  21  2:22  Drone  
  23  2:28  Metabolic Boost  
  23  2:30  Queen  
  25  2:39  Drone x2  
  25  2:41  Drone  
  28  2:47  Drone  
  28  2:48  Drone, Extractor  
  29  2:52  Drone  
  29  2:54  Drone  
  31  2:59  Zergling x2  
  31  3:00  Zergling x2  
  31  3:05  Extractor  
  30  3:21  Queen  
  30  3:24  Queen  
  34  3:27  Lair  
  34  3:31  Drone x3  
  34  3:33  Zergling x2  
  38  3:35  Zergling x2  
  38  3:41  Zergling x4  
  40  3:45  Zergling x4  
  42  3:57  Overlord x2  
  36  4:31  Zergling x2  
  36  4:32  Zergling x8  
  36  4:35  Drone x3  
  36  4:36  Drone x3  
  47  4:45  Zergling x4  
  48  4:46  Zergling x2  
  48  4:51  Roach Warren  
  48  4:57  Drone x2  
  48  4:58  Drone x5  
  48  4:59  Drone  
  56  5:03  Drone  
  55  5:14  Queen  
  54  5:29  Overlord x3  
  54  5:39  Queen x2  
  58  6:00  Roach x3  
  58  6:01  Roach x7  
  58  6:02  Roach  
  58  6:04  Roach  
  82  6:27  Overlord x3  
  82  6:34  Spire  
  82  6:35  Drone  
  82  6:43  Overlord x3  
  82  6:54  Drone x3  
  82  6:55  Drone x2  
  82  6:58  Drone x2  
  89  7:07  Drone x2  
  89  7:08  Drone x2  
  92  7:11  Roach  
  92  7:12  Roach x5  
  104  7:27  Roach  
  104  7:28  Roach x5  
  109  7:45  Roach x3  
  109  7:46  Roach x4  
  119  8:15  Roach  
  119  8:18  Overlord x5  
  119  8:19  Overlord  
  121  8:26  Extractor  
  121  8:27  Overlord x2  
  120  8:30  Drone x2  
  122  8:34  Extractor  
  122  8:35  Drone  
  122  8:37  Drone, Extractor  
  122  8:41  Drone x4  
  126  8:50  Mutalisk  
  126  8:51  Mutalisk x6  
  140  8:57  Glial Reconstitution  
  140  9:25  Mutalisk x3  
  140  9:26  Zergling x2  
  140  9:27  Zergling x22  
  158  9:36  Overseer  
  158  9:37  Spore Crawler  
  157  9:40  Spore Crawler x2  
  157  9:43  Spore Crawler  
  157  9:45  Spore Crawler  
  153  9:46  Spore Crawler, Drone x5  
  153  9:47  Drone  
  158  10:18  Overseer  
  158  10:22  Roach x6  
  158  10:23  Roach x8  
  158  10:27  Overlord x2  
  186  10:49  Ravager  
  187  10:50  Ravager x10  
  197  11:11  Hatchery  
  196  11:13  Overseer  
  196  11:25  Mutalisk  
  196  11:26  Mutalisk  
  200  11:52  Evolution Chamber x2  
  198  11:55  Roach  
  142  12:31  Roach x15  
  142  12:32  Roach x7  
  142  12:36  Roach  
  142  12:37  Roach  
  188  12:47  Roach  
  188  12:48  Roach  
  188  12:50  Overlord x2  
  192  13:03  Overlord  
  192  13:12  Roach x3  
  200  13:13  Roach  
  200  13:30  Overseer  
  200  13:31  Overseer  
  172  14:04  Roach  
  172  14:05  Roach x22  
  146  14:27  Roach  
  146  14:28  Roach x7  
  122  14:33  Queen  
  122  14:34  Queen x3  
  122  14:38  Roach x4  
  129  14:42  Ravager  
  129  14:43  Ravager x17  
  145  15:12  Roach  
  145  15:13  Roach x10  
  167  15:41  Hatchery  
  113  16:38  Roach x5  
  113  16:39  Roach x16  
  100  16:58  Queen x2  
  100  16:59  Queen  
  106  17:14  Roach x4  
  106  17:15  Roach  
  116  17:18  Ravager x5  
  116  17:20  Ravager x2  
  120  17:32  Ravager x8  
  120  17:35  Roach x2  
  120  17:36  Roach  
  134  17:41  Drone  
  135  17:53  Roach  
  135  17:54  Roach x6  
  149  18:08  Roach  
  149  18:09  Roach x2  
  155  18:20  Roach x5  
  155  18:21  Roach x3  
  171  18:36  Roach  
  171  18:37  Roach x5  
  171  18:40  Overlord x2  
  183  18:42  Overlord  
  181  19:13  Roach  
  181  19:14  Roach x8  
  199  19:40  Overseer  
  123  20:16  Burrow  
  123  20:17  Roach x11  
  123  20:18  Roach x8  
  157  20:39  Roach x7  
  171  20:50  Extractor  
  171  20:52  Extractor  
  169  20:57  Roach  
  169  20:58  Roach x7  
  169  20:59  Roach x5  
  169  21:02  Roach  
  197  21:21  Roach  
  199  22:10  Hatchery  
  189  23:01  Ravager x3  
  189  23:02  Ravager x2  
  189  23:05  Zergling x16  
  177  23:56  Roach x3  
  154  24:38  Roach  
  154  24:39  Roach  
  154  24:41  Zergling x2  
  154  24:42  Zergling x26  
Show
View Real Time Build Order
Export as new Build Order

Apparition Protoss 

Build Orders: 1 Gate Expand 

Get SALT Encoding   

  12  0:01  Probe (Chrono Boost)  
  13  0:11  Probe (Chrono Boost)  
  14  0:19  Pylon  
  14  0:23  Probe (Chrono Boost)  
  15  0:37  Probe (Chrono Boost)  
  15  0:39  Gateway  
  16  0:47  Assimilator  
  16  0:48  Probe (Chrono Boost)  
  17  0:58  Probe (Chrono Boost)  
  18  1:09  Probe (Chrono Boost)  
  19  1:17  Pylon  
  19  1:26  Cybernetics Core  
  19  1:36  Nexus  
  20  1:40  Probe (Chrono Boost)  
  20  1:50  Probe (Chrono Boost)  
  21  1:56  Pylon  
  21  2:03  Adept  
  21  2:04  Warp Gate (Chrono Boost)  
  23  2:20  Mothership Core  
  25  2:25  Gateway  
  25  2:30  Gateway  
  27  2:44  Adept  
  27  2:47  Probe  
  27  2:48  Probe  
  29  2:58  Probe  
  29  3:01  Probe  
  31  3:12  Probe  
  31  3:13  Probe  
  33  3:20  Twilight Council  
  33  3:22  Adept  
  33  3:24  Adept  
  33  3:25  Assimilator  
  37  3:39  Pylon  
  37  3:40  Probe  
  37  3:42  Probe  
  37  3:48  Pylon  
  39  3:51  Probe  
  39  3:54  Probe  
  41  4:11  Probe  
  41  4:12  Probe  
  39  4:20  Pylon  
  39  4:22  Probe  
  40  4:25  Probe  
  41  4:46  Adept  
  41  4:47  Adept x2  
  41  4:49  Probe  
  41  4:50  Probe  
  49  4:57  Gateway  
  49  4:58  Gateway  
  49  5:00  Probe  
  49  5:01  Gateway  
  49  5:03  Probe  
  51  5:19  Zealot x3  
  57  5:26  Probe  
  57  5:28  Resonating Glaives (Chrono Boost), Probe  
  49  5:37  Probe  
  49  5:40  Probe  
  49  5:41  Pylon  
  49  5:42  Forge, Assimilator  
  51  5:44  Zealot  
  51  5:45  Pylon  
  51  5:46  Assimilator  
  51  5:49  Stalker  
  55  6:03  Stalker x4  
  63  6:11  Stalker  
  63  6:14  Pylon  
  63  6:16  Protoss Ground Weapons Level 1 (Chrono Boost)  
  65  6:24  Adept  
  67  6:31  Adept x2, Pylon  
  67  6:32  Adept x2  
  75  6:33  Gateway  
  75  6:44  Templar Archives  
  75  6:54  Gateway  
  75  6:56  Gateway  
  75  6:59  Gateway  
  75  7:02  Sentry  
  75  7:03  Sentry x4  
  75  7:05  Zealot  
  87  7:11  Probe x2  
  71  7:55  Stalker x4  
  71  7:56  Stalker x2  
  71  7:58  Photon Cannon  
  71  8:00  Blink  
  71  8:02  Photon Cannon  
  71  8:06  Nexus  
  71  8:09  Pylon  
  71  8:14  Protoss Ground Weapons Level 2 (Chrono Boost)  
  71  8:31  Pylon  
  71  8:33  Zealot  
  73  8:37  Stalker x2  
  73  8:38  Stalker x2  
  81  8:44  Probe x2  
  83  8:54  Stalker x3  
  89  9:08  Probe x2  
  89  9:20  Probe x2  
  89  9:21  Stalker  
  89  9:22  High Templar x3  
  99  9:24  Pylon  
  99  9:25  Zealot  
  99  9:29  High Templar  
  103  9:31  Archon  
  103  9:32  Probe x2, Archon  
  105  9:40  Robotics Facility  
  105  9:43  Zealot x3  
  111  9:48  Probe  
  111  9:50  Probe x2  
  114  9:53  Assimilator  
  114  9:58  Probe, Assimilator  
  114  10:00  Zealot x2  
  114  10:01  Zealot  
  121  10:18  High Templar x3  
  121  10:21  Zealot x4  
  129  10:22  Zealot  
  129  10:27  Observer (Chrono Boost)  
  129  10:28  Pylon  
  138  10:38  Protoss Ground Weapons Level 3 (Chrono Boost)  
  138  10:47  Psionic Storm  
  138  10:56  Observer (Chrono Boost)  
  139  11:09  Zealot  
  141  11:15  Pylon  
  141  11:16  Nexus  
  141  11:18  Pylon  
  141  11:22  Pylon  
  141  11:24  Pylon  
  141  11:25  Pylon  
  141  11:26  Pylon  
  141  11:29  Pylon  
  141  11:39  Photon Cannon  
  140  11:42  Photon Cannon  
  140  11:44  High Templar x2  
  140  11:45  High Templar x3  
  140  11:46  Zealot x4  
  140  11:47  Zealot  
  160  11:56  Archon x2  
  160  12:09  Pylon  
  160  12:15  Photon Cannon  
  160  12:16  Photon Cannon  
  160  12:18  Photon Cannon  
  160  12:20  Archon  
  160  12:21  Archon  
  118  12:44  Stalker x5  
  120  12:45  Stalker x5  
  120  12:48  Observer  
  139  13:01  Probe  
  139  13:02  Protoss Ground Armor Level 1 (Chrono Boost)  
  140  13:11  High Templar x5  
  140  13:12  Probe  
  151  13:22  Probe  
  152  13:27  Zealot x2  
  152  13:28  Zealot x3  
  152  13:30  Charge  
  152  13:33  Probe  
  113  14:15  Stalker x3  
  113  14:16  Stalker x5  
  107  14:37  Stalker  
  107  14:38  Stalker x2  
  111  14:39  Stalker x2  
  111  14:40  Stalker x4  
  119  15:09  Immortal  
  119  15:10  Stalker x2  
  119  15:11  Stalker x6  
  119  15:12  Stalker  
  139  15:19  Probe x3  
  142  15:45  Stalker x4, Observer  
  142  15:46  Protoss Ground Armor Level 2 (Chrono Boost)  
  151  16:02  Sentry  
  151  16:03  Sentry x3  
  141  16:13  Nexus  
  91  17:02  Pylon  
  91  17:05  Pylon  
  91  17:06  Assimilator  
  91  17:10  Stalker x2  
  91  17:11  Stalker x5  
  91  17:12  Assimilator  
  103  17:30  Immortal, High Templar x2  
  111  17:49  High Templar  
  111  17:50  Zealot x2, High Templar  
  111  17:51  Zealot x2  
  123  17:57  Archon  
  123  18:05  Zealot x2  
  123  18:06  Zealot  
  123  18:07  Observer  
  130  18:44  Stalker x3  
  130  18:45  Stalker x4  
  144  18:54  Nexus  
  144  18:56  Protoss Ground Armor Level 3 (Chrono Boost)  
  144  19:09  Zealot x3  
  150  19:10  Zealot x2  
  150  19:34  Stalker x2  
  150  19:35  Stalker x4  
  162  19:48  Archon  
  156  19:54  Stalker x3  
  119  20:20  Stalker x4  
  119  20:21  Stalker x2  
  117  20:24  Colossus x2  
  117  20:35  Observer, Pylon  
  118  21:03  Stalker x2, Stargate  
  118  21:04  Stalker x3, Stargate  
  127  21:29  Assimilator  
  127  21:33  Protoss Air Weapons Level 1, Assimilator  
  127  21:49  Fleet Beacon  
  127  21:50  Stargate  
  127  21:53  Pylon  
  127  22:00  Pylon  
  127  22:08  Zealot x3  
  127  22:09  Zealot x6  
  133  22:46  Carrier x2 (Chrono Boost)  
  133  22:51  Probe  
  150  22:57  Carrier (Chrono Boost)  
  148  23:03  Probe  
  146  23:15  Probe  
  146  23:18  Graviton Catapult  
  147  23:27  Probe  
Tags
 
Add a new tag
Caveats
  • Supply blocks, unpowered buildings, or Contaminate may cause inaccurate times.
  • Supply counts are checked every 10 seconds.